CHICAGO Blackhawks vs DALLAS Stars

Created - 19 décembre 2018 at 16:49

Goals
1 2 3 OT1 SO T
CHICAGO Blackhawks 1 2 1 0 3 5
DALLAS Stars 1 1 2 0 2 4
Shots
1 2 3 OT1 SO T
CHICAGO Blackhawks 14 12 11 2 7 39
DALLAS Stars 7 10 15 3 7 35

1st period

1. CHICAGO Blackhawks , Alexander Burmistrov 3 (Devante Smith-Pelly 2, Kevin Shattenkirk 8) at 2:27
2. DALLAS Stars , Tanner Fritz 3 (Scott Hartnell 9, Chris Stewart 11) at 6:50

Penalties :
Connor Murphy (DAL) for Interference (Minor) at 15:25, Kevin Shattenkirk (CHI) for Roughing (Minor) at 19:00

2nd period

3. DALLAS Stars , Eric Fehr 5 (Dalton Prout 8, MacKenzie Weegar 4) at 0:52 (PP)
4. CHICAGO Blackhawks , Teuvo Teravainen 10 (Jonathan Toews 20, Kevin Shattenkirk 9) at 1:00
5. CHICAGO Blackhawks , Eric Staal 14 (Jonathan Toews 21, Patrick Kane 18) at 11:19 (PP)

Penalties :
MacKenzie Weegar (DAL) for Slashing (Double Minor) at 1:36, Milan Lucic (DAL) for Hooking (Minor) at 9:56

3rd period

6. DALLAS Stars , Milan Lucic 7 (Derek Ryan 13, Mikkel Boedker 15) at 14:34 (PP)
7. DALLAS Stars , Ben Hutton 4 (Connor Murphy 11, Derek Ryan 14) at 18:30 (PP)
8. CHICAGO Blackhawks , Kyle Palmieri 10 (Jonathan Toews 22, Patrick Kane 19) at 19:21

Penalties :
Kevin Shattenkirk (CHI) for Tripping (Minor) at 1:47, Aaron Ekblad (CHI) for Slashing (Minor) at 14:00, Brian Dumoulin (CHI) for Roughing (Minor) at 17:58

Overtime #1

No Goal

Penalties :
No Penalty

Shootout

Penalty Shot by Eric Staal for CHICAGO Blackhawks - Goal!
Penalty Shot by Milan Lucic for DALLAS Stars - Stopped by Corey Crawford
Penalty Shot by Tom Wilson for CHICAGO Blackhawks - Stopped by Steve Mason
Penalty Shot by Chris Kunitz for DALLAS Stars - Stopped by Corey Crawford
Penalty Shot by Kyle Palmieri for CHICAGO Blackhawks - Shot Misses the Net
Penalty Shot by Scott Hartnell for DALLAS Stars - Goal!
Penalty Shot by William Nylander for CHICAGO Blackhawks - Stopped by Steve Mason
Penalty Shot by Mikkel Boedker for DALLAS Stars - Stopped by Corey Crawford
Penalty Shot by Kevin Hayes for CHICAGO Blackhawks - Stopped by Steve Mason
Penalty Shot by Jamie McGinn for DALLAS Stars - Stopped by Corey Crawford
Penalty Shot by Patrick Kane for CHICAGO Blackhawks - Goal!
Penalty Shot by Chris Stewart for DALLAS Stars - Goal!
Penalty Shot by Aaron Ekblad for CHICAGO Blackhawks - Goal!
Penalty Shot by Eric Fehr for DALLAS Stars - Stopped by Corey Crawford

Penalties :
No Penalty

Goalie Stats

Corey Crawford (CHI), 31 saves from 35 shots - (0,886), W, 11-16-1, 64:54 minutes
Steve Mason (DAL), 35 saves from 39 shots - (0,897), OTL, 9-14-2, 65:00 minutes

Players Stats for CHICAGO Blackhawks

Player Name              G  A  P  +/- PIM S  H  SB GA TA FO     MP     PP MP  PK MP  
------------------------------------------------------------------------------------
Aaron Ekblad             0  0  0   0  2   1  0  2  0  0  0/0    24:16   3:58   2:19 
Alexander Burmistrov     1  0  1   1  0   3  0  0  0  0  5/10    4:50   0:00   0:00 
Brad Richardson          0  0  0   0  0   0  0  0  0  0  0/0    11:20   0:51   1:04 
Brent Seabrook           0  0  0   2  0   3  2  5  0  0  0/0    26:13   3:23   2:05 
Brian Dumoulin           0  0  0   0  2   0  1  3  0  0  0/0    18:59   0:39   2:18 
Devante Smith-Pelly      0  1  1   1  0   0  0  0  0  0  0/0     4:50   0:00   0:00 
Eric Staal               1  0  1   0  0   8  0  1  0  0  2/2    19:09   3:08   1:04 
Jonathan Toews           0  3  3   1  0   3  0  0  0  0  0/2    23:42   3:08   0:00 
Josh Manson              0  0  0   0  0   1  3  4  0  0  0/0    18:49   0:00   2:55 
Kevin Hayes              0  0  0   0  0   2  1  0  0  0  14/24  19:54   4:13   3:53 
Kevin Shattenkirk        0  2  2   2  4   0  0  0  0  0  0/0    24:41   3:58   0:00 
Kyle Palmieri            1  0  1   1  0   5  2  0  0  0  2/7    23:14   4:13   3:50 
Nick Shore               0  0  0   1  0   0  0  0  0  0  0/0     4:50   0:00   0:00 
Patrick Kane             0  2  2   1  0   2  1  0  0  0  21/31  23:42   3:08   0:00 
Teuvo Teravainen         1  0  1   0  0   8  0  0  0  0  0/1    23:42   3:22   0:00 
Tom Wilson               0  0  0   0  0   1  4  0  0  0  0/0     9:28   0:00   0:03 
Will Butcher             0  0  0   0  0   0  0  1  0  0  0/0    16:58   2:44   0:17 
William Nylander         0  0  0   0  0   2  3  0  0  0  11/18  16:22   0:00   0:00 

Players Stats for DALLAS Stars

Player Name              G  A  P  +/- PIM S  H  SB GA TA FO     MP     PP MP  PK MP  
------------------------------------------------------------------------------------
Ben Hutton               1  0  1  -2  0   4  1  5  0  0  0/0    28:57   2:48   3:59 
Chris Kunitz             0  0  0   0  0   4  0  0  0  0  0/1    24:24   0:58   4:10 
Chris Stewart            0  1  1   0  0   3  0  2  0  0  0/1    14:10   0:40   0:00 
Connor Murphy            0  1  1  -2  2   2  1  4  0  0  0/0    29:01   2:45   3:04 
Dale Weise               0  0  0   0  0   0  0  0  0  0  0/0     2:05   0:40   0:00 
Dalton Prout             0  1  1   0  0   0  4  1  0  0  0/0    20:51   1:30   1:31 
Derek Ryan               0  2  2  -2  0   4  0  0  0  0  10/27  18:48   3:19   0:00 
Eric Fehr                1  0  1   0  0   3  0  0  0  0  9/21   18:39   0:58   1:24 
Eric Gelinas             0  0  0   1  0   2  1  1  0  0  0/0    20:03   0:40   2:30 
Jamie McGinn             0  0  0   0  0   3  1  0  0  0  0/1    17:15   0:58   0:00 
Lee Stempniak            0  0  0   0  0   0  0  0  0  0  1/3     7:00   0:43   1:57 
MacKenzie Weegar         0  1  1  -1  4   0  2  1  0  0  0/0    22:05   2:08   1:28 
Mark Barberio            0  0  0   0  0   0  0  1  0  0  0/0     6:14   0:00   1:11 
Mikkel Boedker           0  1  1  -2  0   4  0  0  0  0  2/3    22:12   3:19   2:10 
Milan Lucic              1  0  1  -2  2   2  10 0  0  0  10/19  28:26   3:19   3:27 
Scott Hartnell           0  1  1   0  0   1  2  0  0  0  0/4    16:30   0:00   2:33 
Tanner Fritz             1  0  1   0  0   3  0  0  0  0  8/15   12:43   0:00   0:00 
Tyler Ennis              0  0  0   0  0   0  0  0  0  0  0/0     3:13   0:00   0:00 

3 Stars

1 - Jonathan Toews (CHI)
2 - Kyle Palmieri (CHI)
3 - Patrick Kane (CHI)

Power Play

CHICAGO Blackhawks - 1 on 4 Attempt(s) - 25,00%
DALLAS Stars - 3 on 4 Attempt(s) - 75,00%

Penalty Kill

CHICAGO Blackhawks - 1 on 4 Attempt(s) - 25,00% - Score 0 goal in Penalty Kill
DALLAS Stars - 3 on 4 Attempt(s) - 75,00% - Score 0 goal in Penalty Kill

Team Stat

CHICAGO Blackhawks - Hits : 17 - Faceoff Wins : 55 - Blocked Shots : 16 - Penalty Minutes : 8
DALLAS Stars - Hits : 22 - Faceoff Wins : 40 - Blocked Shots : 15 - Penalty Minutes : 8

Official

Referees : Unknown
Linesman : Unknown

Game Notes

Mark Barberio is injured at 18:50 of 1st period (Bruised Left Leg)

Finance

Level 1 -- Attendance: 3679 (56,60%) -- Ticket Income 441 480 $
Level 2 -- Attendance: 3462 (57,70%) -- Ticket Income 235 416 $
Level 3 -- Attendance: 1937 (48,43%) -- Ticket Income 65 858 $
Level 4 -- Attendance: 2286 (50,80%) -- Ticket Income 68 580 $
Luxury Box -- Attendance: 707 (70,70%) -- Ticket Income 155 540 $
Game was played at the American Airlines Center.
Total Attendance: 12071 (54,87%)
Total Ticket Income: 966 874 $
Other Income: 377 081 $
Total Income: 1 343 955 $

CHICAGO Blackhawks

5 vs 5 Forward 
   Center                   Left Wing                Right Wing               Time % Phy DF OF 
 1 Patrick Kane             Teuvo Teravainen         Jonathan Toews           43     0   1  4  
 2 William Nylander         Eric Staal               Kyle Palmieri            30     0   1  4  
 3 Kevin Hayes              Brad Richardson          Tom Wilson               20     1   3  1  
 4 Alexander Burmistrov     Nick Shore               Devante Smith-Pelly      7      2   3  0  

5 vs 5 Defense 
   Defense                  Defense                                           Time % Phy DF OF 
 1 Brent Seabrook           Kevin Shattenkirk                                 42     0   2  3  
 2 Aaron Ekblad             Josh Manson                                       30     1   3  1  
 3 Brian Dumoulin           Will Butcher                                      20     1   4  0  
 4 Brent Seabrook           Kevin Shattenkirk                                 8      0   2  3  

PowerPlay Forward 
   Center                   Left Wing                Right Wing               Time % Phy DF OF 
 1 Patrick Kane             Eric Staal               Jonathan Toews           70     0   0  5  
 2 Kevin Hayes              Teuvo Teravainen         Kyle Palmieri            30     0   1  4  

PowerPlay Defense
   Defense                  Defense                                           Time % Phy DF OF 
 1 Aaron Ekblad             Kevin Shattenkirk                                 60     0   1  4  
 2 Will Butcher             Brent Seabrook                                    40     0   2  3  

Penalty Kill 4 Players Forward 
   Center                   Wing                     Time % Phy DF OF 
 1 Kyle Palmieri            Kevin Hayes              60     0   5  0  
 2 Eric Staal               Brad Richardson          40     1   4  0  

Penalty Kill 4 Players Defense
   Defense                  Defense                  Time % Phy DF OF 
 1 Josh Manson              Brent Seabrook           60     0   5  0  
 2 Aaron Ekblad             Brian Dumoulin           40     0   5  0  

Penalty Kill - 3 Players Forward 
   Forward                                           Time % Phy DF OF 
 1 Eric Staal                                        60     0   5  0  
 2 Kyle Palmieri                                     40     0   5  0  

Penalty Kill - 3 Players Defense
   Defense                  Defense                  Time % Phy DF OF 
 1 Josh Manson              Brent Seabrook           60     0   5  0  
 2 Aaron Ekblad             Brian Dumoulin           40     0   5  0  

4 vs 4 Forward 
   Center                   Wing                     Time % Phy DF OF 
 1 Kevin Hayes              William Nylander         60     0   2  3  
 2 Eric Staal               Kyle Palmieri            40     0   2  3  

4 vs 4 Defense
   Defense                  Defense                  Time % Phy DF OF 
 1 Aaron Ekblad             Brian Dumoulin           60     1   2  2  
 2 Brent Seabrook           Kevin Shattenkirk        40     1   2  2  

Last Minutes Offensive
   Center                   Left Wing                Right Wing               Defense                  Defense                  
   Patrick Kane             Kyle Palmieri            Jonathan Toews           Brent Seabrook           Kevin Shattenkirk        

Last Minutes Defensive
   Center                   Left Wing                Right Wing               Defense                  Defense                  
   Patrick Kane             Kyle Palmieri            Jonathan Toews           Brent Seabrook           Kevin Shattenkirk        

Goaltenders
Starting : Corey Crawford           
Backup : Dustin Tokarski          

Extra Forwards
Normal : Kevin Hayes, Eric Staal, Tom Wilson - PP : Kevin Hayes, William Nylander - PK : Tom Wilson
Extra Defensemen
Normal : Brian Dumoulin, Josh Manson, Aaron Ekblad - PP : Brian Dumoulin - PK : Brian Dumoulin, Aaron Ekblad
Penalty Shots
Eric Staal, Tom Wilson, Kyle Palmieri, William Nylander, Kevin Hayes

DALLAS Stars

5 vs 5 Forward 
   Center                   Left Wing                Right Wing               Time % Phy DF OF 
 1 Derek Ryan               Milan Lucic              Mikkel Boedker           40     1   2  2  
 2 Eric Fehr                Chris Kunitz             Jamie McGinn             30     1   2  2  
 3 Tanner Fritz             Scott Hartnell           Chris Stewart            20     1   2  2  
 4 Milan Lucic              Tyler Ennis              Lee Stempniak            10     1   2  2  

5 vs 5 Defense 
   Defense                  Defense                                           Time % Phy DF OF 
 1 Connor Murphy            Ben Hutton                                        40     1   2  2  
 2 Mark Barberio            MacKenzie Weegar                                  30     1   2  2  
 3 Dalton Prout             Eric Gelinas                                      20     1   2  2  
 4 Connor Murphy            Ben Hutton                                        10     1   2  2  

PowerPlay Forward 
   Center                   Left Wing                Right Wing               Time % Phy DF OF 
 1 Derek Ryan               Milan Lucic              Mikkel Boedker           60     1   2  2  
 2 Eric Fehr                Chris Kunitz             Jamie McGinn             40     1   2  2  

PowerPlay Defense
   Defense                  Defense                                           Time % Phy DF OF 
 1 Connor Murphy            Ben Hutton                                        60     1   2  2  
 2 Mark Barberio            MacKenzie Weegar                                  40     1   2  2  

Penalty Kill 4 Players Forward 
   Center                   Wing                     Time % Phy DF OF 
 1 Milan Lucic              Chris Kunitz             60     1   2  2  
 2 Scott Hartnell           Mikkel Boedker           40     1   2  2  

Penalty Kill 4 Players Defense
   Defense                  Defense                  Time % Phy DF OF 
 1 Connor Murphy            Ben Hutton               60     1   2  2  
 2 Mark Barberio            MacKenzie Weegar         40     1   2  2  

Penalty Kill - 3 Players Forward 
   Forward                                           Time % Phy DF OF 
 1 Milan Lucic                                       60     1   2  2  
 2 Chris Kunitz                                      40     1   2  2  

Penalty Kill - 3 Players Defense
   Defense                  Defense                  Time % Phy DF OF 
 1 Connor Murphy            Ben Hutton               60     1   2  2  
 2 Mark Barberio            MacKenzie Weegar         40     1   2  2  

4 vs 4 Forward 
   Center                   Wing                     Time % Phy DF OF 
 1 Milan Lucic              Chris Kunitz             60     1   2  2  
 2 Scott Hartnell           Mikkel Boedker           40     1   2  2  

4 vs 4 Defense
   Defense                  Defense                  Time % Phy DF OF 
 1 Connor Murphy            Ben Hutton               60     1   2  2  
 2 Mark Barberio            MacKenzie Weegar         40     1   2  2  

Last Minutes Offensive
   Center                   Left Wing                Right Wing               Defense                  Defense                  
   Derek Ryan               Milan Lucic              Mikkel Boedker           Connor Murphy            Ben Hutton               

Last Minutes Defensive
   Center                   Left Wing                Right Wing               Defense                  Defense                  
   Derek Ryan               Milan Lucic              Mikkel Boedker           Connor Murphy            Ben Hutton               

Goaltenders
Starting : Steve Mason              
Backup : Scott Darling            

Extra Forwards
Normal : Dale Weise, Chris Stewart, Lee Stempniak - PP : Dale Weise, Chris Stewart - PK : Lee Stempniak
Extra Defensemen
Normal : Dalton Prout, Eric Gelinas, Mark Barberio - PP : Dalton Prout - PK : Eric Gelinas, Mark Barberio
Penalty Shots
Milan Lucic, Chris Kunitz, Scott Hartnell, Mikkel Boedker, Jamie McGinn


% Time on Ice - CHICAGO Blackhawks

Lines # - Real PCT - Wanted PCT - Time Play
Normal Forward
1 - 43% - 43% - 20:20
2 - 28% - 30% - 13:26
3 - 19% - 20% - 8:52
4 - 10% - 7% - 4:50
Normal Defense
1 - 39% - 42% - 18:21
2 - 32% - 30% - 15:21
3 - 28% - 20% - 13:24
4 - 1% - 8% - 0:22
PP Forward
1 - 43% - 70% - 3:08
2 - 57% - 30% - 4:13
PP Defense
1 - 54% - 60% - 3:58
2 - 46% - 40% - 3:23
PK Forward
1 - 78% - 60% - 3:53
2 - 22% - 40% - 1:04
PK Defense
1 - 59% - 60% - 2:55
2 - 41% - 40% - 2:02
PK3 Forward
1 - 0% - 60%
2 - 0% - 40%
PK3 Defense
1 - 0% - 60%
2 - 0% - 40%
44 Forward
1 - 70% - 60% - 3:29
2 - 30% - 40% - 1:31
44 Defense
1 - 64% - 60% - 3:12
2 - 36% - 40% - 1:48
Last Minute Offensive  - 0:14
Last Minute Defensive  - 0:00
Total
Forward - 65:00
Defense - 65:00

% Time on Ice - DALLAS Stars

Lines # - Real PCT - Wanted PCT - Time Play
Normal Forward
1 - 32% - 40% - 15:15
2 - 34% - 30% - 16:17
3 - 27% - 20% - 12:43
4 - 7% - 10% - 3:13
Normal Defense
1 - 35% - 40% - 16:31
2 - 40% - 30% - 18:49
3 - 24% - 20% - 11:13
4 - 2% - 10% - 0:55
PP Forward
1 - 80% - 60% - 3:59
2 - 20% - 40% - 0:58
PP Defense
1 - 42% - 60% - 2:06
2 - 58% - 40% - 2:51
PK Forward
1 - 71% - 60% - 5:11
2 - 29% - 40% - 2:10
PK Defense
1 - 25% - 60% - 1:49
2 - 75% - 40% - 5:32
PK3 Forward
1 - 0% - 60%
2 - 0% - 40%
PK3 Defense
1 - 0% - 60%
2 - 0% - 40%
44 Forward
1 - 75% - 60% - 3:46
2 - 25% - 40% - 1:14
44 Defense
1 - 54% - 60% - 2:43
2 - 46% - 40% - 2:17
Last Minute Offensive  - 0:00
Last Minute Defensive  - 0:14
Total
Forward - 65:00
Defense - 65:00

Play by Play

1st period


0:01 of 1st period - Patrick Kane wins face-off versus Derek Ryan in neutral zone.
0:44 of 1st period - Shot by Teuvo Teravainen.
0:44 of 1st period - Stopped by Steve Mason with a rebound.
1:26 of 1st period - Shot by William Nylander.
1:26 of 1st period - Shot Blocked by Connor Murphy.
1:28 of 1st period - Shot by Eric Staal.
1:28 of 1st period - Deflect By Kyle Palmieri.
1:28 of 1st period - Shot Blocked by Ben Hutton.
1:50 of 1st period - Shot by Tom Wilson.
1:50 of 1st period - Shot Blocked by Ben Hutton.
1:52 of 1st period - Shot by Brad Richardson.
1:52 of 1st period - Shot Blocked by Connor Murphy.
1:54 of 1st period - Shot by Brian Dumoulin.
1:54 of 1st period - Shot Blocked by Connor Murphy.
1:56 of 1st period - Shot by Brian Dumoulin.
1:56 of 1st period - Shot Misses the Net.
2:05 of 1st period - Icing by Derek Ryan.
2:06 of 1st period - Alexander Burmistrov wins face-off versus Derek Ryan in DALLAS Stars zone.
2:27 of 1st period - Shot by Alexander Burmistrov.
2:27 of 1st period - Goal by Alexander Burmistrov - CHICAGO Blackhawks : 1 - DALLAS Stars : 0.
2:28 of 1st period - Patrick Kane wins face-off versus Eric Fehr in neutral zone.
2:33 of 1st period - Shot by Jonathan Toews.
2:33 of 1st period - Stopped by Steve Mason without a rebound.
2:34 of 1st period - Patrick Kane wins face-off versus Eric Fehr in DALLAS Stars zone.
2:53 of 1st period - Icing by Mark Barberio.
2:54 of 1st period - Kevin Hayes wins face-off versus Eric Fehr in DALLAS Stars zone.
3:01 of 1st period - Shot by Brad Richardson.
3:01 of 1st period - Shot Misses the Net.
3:22 of 1st period - Shot by Jamie McGinn.
3:22 of 1st period - Shot Blocked by Brent Seabrook.
4:15 of 1st period - Shot by Teuvo Teravainen.
4:15 of 1st period - Stopped by Steve Mason without a rebound.
4:16 of 1st period - William Nylander wins face-off versus Tanner Fritz in DALLAS Stars zone.
4:55 of 1st period - Josh Manson is hit by Milan Lucic and loses puck.
5:10 of 1st period - Shot by Lee Stempniak.
5:10 of 1st period - Shot Misses the Net.
5:12 of 1st period - Shot by Ben Hutton.
5:12 of 1st period - Shot Misses the Net.
5:54 of 1st period - Shot by Jamie McGinn.
5:54 of 1st period - Stopped by Corey Crawford without a rebound.
5:55 of 1st period - Alexander Burmistrov wins face-off versus Chris Stewart in CHICAGO Blackhawks zone.
6:03 of 1st period - Shot by Scott Hartnell.
6:03 of 1st period - Stopped by Corey Crawford without a rebound.
6:04 of 1st period - Patrick Kane wins face-off versus Derek Ryan in CHICAGO Blackhawks zone.
6:09 of 1st period - Shot by Brent Seabrook.
6:09 of 1st period - Stopped by Steve Mason without a rebound.
6:10 of 1st period - Tanner Fritz wins face-off versus Patrick Kane in DALLAS Stars zone.
6:17 of 1st period - Shot by Chris Stewart.
6:17 of 1st period - Stopped by Corey Crawford without a rebound.
6:18 of 1st period - Patrick Kane wins face-off versus Scott Hartnell in CHICAGO Blackhawks zone.
6:18 of 1st period - Patrick Kane is hit by Scott Hartnell.
6:25 of 1st period - Patrick Kane is hit by Eric Gelinas and loses puck.
6:38 of 1st period - Shot by Chris Stewart.
6:38 of 1st period - Deflect By Tanner Fritz.
6:38 of 1st period - Shot Misses the Net.
6:50 of 1st period - Shot by Tanner Fritz.
6:50 of 1st period - Goal by Tanner Fritz - CHICAGO Blackhawks : 1 - DALLAS Stars : 1.
6:51 of 1st period - Kevin Hayes wins face-off versus Derek Ryan in neutral zone.
6:51 of 1st period - Kevin Hayes is hit by Milan Lucic.
6:57 of 1st period - Derek Ryan is hit by Tom Wilson.
7:30 of 1st period - Brian Dumoulin is hit by Milan Lucic and loses puck.
7:54 of 1st period - Icing by Will Butcher.
7:55 of 1st period - Kevin Hayes wins face-off versus Tanner Fritz in CHICAGO Blackhawks zone.
9:56 of 1st period - Icing by Kyle Palmieri.
9:57 of 1st period - Milan Lucic wins face-off versus William Nylander in CHICAGO Blackhawks zone.
9:57 of 1st period - Tyler Ennis is hit by Josh Manson.
10:57 of 1st period - Shot by Teuvo Teravainen.
10:57 of 1st period - Shot Blocked by Chris Stewart.
10:59 of 1st period - Shot by Patrick Kane.
10:59 of 1st period - Shot Misses the Net.
11:03 of 1st period - Shot by Patrick Kane.
11:03 of 1st period - Shot Blocked by Chris Stewart.
11:33 of 1st period - Shot by Alexander Burmistrov.
11:33 of 1st period - Shot Blocked by Eric Gelinas.
11:35 of 1st period - Shot by Brian Dumoulin.
11:35 of 1st period - Shot Misses the Net.
11:37 of 1st period - Shot by Alexander Burmistrov.
11:37 of 1st period - Stopped by Steve Mason without a rebound.
11:38 of 1st period - Kevin Hayes wins face-off versus Eric Fehr in DALLAS Stars zone.
12:01 of 1st period - Mark Barberio is hit by Tom Wilson.
12:10 of 1st period - Icing by Brad Richardson.
12:11 of 1st period - Kevin Hayes wins face-off versus Derek Ryan in CHICAGO Blackhawks zone.
12:11 of 1st period - Will Butcher is hit by Milan Lucic and loses puck.
12:36 of 1st period - Ben Hutton is hit by Tom Wilson and loses puck.
12:46 of 1st period - Ben Hutton is hit by Brent Seabrook and loses puck.
13:11 of 1st period - Shot by Teuvo Teravainen.
13:11 of 1st period - Stopped by Steve Mason without a rebound.
13:12 of 1st period - Tanner Fritz wins face-off versus William Nylander in DALLAS Stars zone.
13:21 of 1st period - Shot by William Nylander.
13:21 of 1st period - Stopped by Steve Mason without a rebound.
13:22 of 1st period - Eric Fehr wins face-off versus Alexander Burmistrov in DALLAS Stars zone.
13:54 of 1st period - Shot by Chris Kunitz.
13:54 of 1st period - Stopped by Corey Crawford without a rebound.
13:55 of 1st period - Patrick Kane wins face-off versus Milan Lucic in CHICAGO Blackhawks zone.
14:10 of 1st period - Shot by Teuvo Teravainen.
14:10 of 1st period - Shot Hit the Post.
14:12 of 1st period - Shot by Teuvo Teravainen.
14:12 of 1st period - Stopped by Steve Mason without a rebound.
14:13 of 1st period - Tanner Fritz wins face-off versus William Nylander in DALLAS Stars zone.
14:13 of 1st period - Tanner Fritz is hit by Kyle Palmieri.
14:19 of 1st period - Shot by Kyle Palmieri.
14:19 of 1st period - Deflect By William Nylander.
14:19 of 1st period - Shot Misses the Net.
14:21 of 1st period - Shot by Eric Staal.
14:21 of 1st period - Shot Misses the Net.
14:28 of 1st period - Icing by Dalton Prout.
14:29 of 1st period - Tanner Fritz wins face-off versus Patrick Kane in DALLAS Stars zone.
14:40 of 1st period - Shot by Chris Stewart.
14:40 of 1st period - Shot Misses the Net.
14:58 of 1st period - Shot by Teuvo Teravainen.
14:58 of 1st period - Shot Misses the Net.
15:00 of 1st period - Shot by Teuvo Teravainen.
15:00 of 1st period - Stopped by Steve Mason without a rebound.
15:01 of 1st period - William Nylander wins face-off versus Derek Ryan in DALLAS Stars zone.
15:01 of 1st period - Kyle Palmieri is hit by Ben Hutton and loses puck.
15:06 of 1st period - Shot by Eric Staal.
15:06 of 1st period - Stopped by Steve Mason with a rebound.
15:12 of 1st period - Shot by Eric Staal.
15:12 of 1st period - Shot Misses the Net.
15:21 of 1st period - Derek Ryan is hit by Kyle Palmieri and loses puck.
15:25 of 1st period - Minor Penalty to Connor Murphy for Interference.
15:26 of 1st period - Milan Lucic wins face-off versus Jonathan Toews in DALLAS Stars zone.
15:43 of 1st period - Shot by Will Butcher.
15:43 of 1st period - Shot Blocked by MacKenzie Weegar.
15:45 of 1st period - Shot by Brent Seabrook.
15:45 of 1st period - Stopped by Steve Mason without a rebound.
15:46 of 1st period - Kevin Hayes wins face-off versus Chris Kunitz in DALLAS Stars zone.
15:55 of 1st period - Shot by Kevin Shattenkirk.
15:55 of 1st period - Shot Misses the Net.
16:07 of 1st period - Shot by Kyle Palmieri.
16:07 of 1st period - Deflect By Teuvo Teravainen.
16:07 of 1st period - Stopped by Steve Mason without a rebound.
16:08 of 1st period - Patrick Kane wins face-off versus Milan Lucic in DALLAS Stars zone.
16:31 of 1st period - Shot by Eric Staal.
16:31 of 1st period - Stopped by Steve Mason without a rebound.
16:32 of 1st period - Kevin Hayes wins face-off versus Scott Hartnell in DALLAS Stars zone.
17:08 of 1st period - Shot by Kevin Shattenkirk.
17:08 of 1st period - Shot Misses the Net.
18:19 of 1st period - Brent Seabrook is hit by Jamie McGinn and loses puck.
18:28 of 1st period - Shot by Jamie McGinn.
18:28 of 1st period - Stopped by Corey Crawford with a rebound.
18:30 of 1st period - Shot by Chris Kunitz.
18:30 of 1st period - Stopped by Corey Crawford without a rebound.
18:31 of 1st period - William Nylander wins face-off versus Derek Ryan in CHICAGO Blackhawks zone.
18:50 of 1st period - Shot by William Nylander.
18:50 of 1st period - Shot Blocked by Mark Barberio.
18:50 of 1st period - Mark Barberio from DALLAS Stars is injured at 18:50 of 1st period (Bruised Left Leg).
18:51 of 1st period - Tanner Fritz wins face-off versus Kevin Hayes in DALLAS Stars zone.
18:51 of 1st period - Tanner Fritz is hit by Tom Wilson.
19:00 of 1st period - Minor Penalty to Kevin Shattenkirk for Roughing.
19:01 of 1st period - Derek Ryan wins face-off versus Kyle Palmieri in CHICAGO Blackhawks zone.
19:42 of 1st period - Shot by Derek Ryan.
19:42 of 1st period - Shot Misses the Net.
19:59 of 1st period - Icing by Ben Hutton.
Goals for this period are 1 for CHICAGO Blackhawks vs 1 for DALLAS Stars.
Shots for this period are 14 for CHICAGO Blackhawks vs 7 for DALLAS Stars.

2nd period


0:01 of 2nd period - Kyle Palmieri wins face-off versus Derek Ryan in neutral zone.
0:10 of 2nd period - Shot by Derek Ryan.
0:10 of 2nd period - Shot Blocked by Aaron Ekblad.
0:18 of 2nd period - Shot by Ben Hutton.
0:18 of 2nd period - Stopped by Corey Crawford with a rebound.
0:20 of 2nd period - Shot by Ben Hutton.
0:20 of 2nd period - Stopped by Corey Crawford with a rebound.
0:22 of 2nd period - Shot by Mikkel Boedker.
0:22 of 2nd period - Shot Misses the Net.
0:32 of 2nd period - Shot by Connor Murphy.
0:32 of 2nd period - Stopped by Corey Crawford with a rebound.
0:34 of 2nd period - Shot by Mikkel Boedker.
0:34 of 2nd period - Shot Misses the Net.
0:36 of 2nd period - Shot by Mikkel Boedker.
0:36 of 2nd period - Stopped by Corey Crawford without a rebound.
0:37 of 2nd period - Eric Fehr wins face-off versus Kyle Palmieri in CHICAGO Blackhawks zone.
0:50 of 2nd period - Shot by Dalton Prout.
0:50 of 2nd period - Shot Misses the Net.
0:52 of 2nd period - Shot by Eric Fehr.
0:52 of 2nd period - Goal by Eric Fehr - CHICAGO Blackhawks : 1 - DALLAS Stars : 2.
0:53 of 2nd period - Patrick Kane wins face-off versus Scott Hartnell in neutral zone.
1:00 of 2nd period - Shot by Teuvo Teravainen.
1:00 of 2nd period - Goal by Teuvo Teravainen - CHICAGO Blackhawks : 2 - DALLAS Stars : 2.
1:01 of 2nd period - Patrick Kane wins face-off versus Derek Ryan in neutral zone.
1:03 of 2nd period - Off-side.
1:04 of 2nd period - Derek Ryan wins face-off versus Patrick Kane in neutral zone.
1:25 of 2nd period - Shot by Teuvo Teravainen.
1:25 of 2nd period - Shot Blocked by Ben Hutton.
1:33 of 2nd period - Shot by Teuvo Teravainen.
1:33 of 2nd period - Stopped by Steve Mason without a rebound.
1:34 of 2nd period - William Nylander wins face-off versus Eric Fehr in DALLAS Stars zone.
1:34 of 2nd period - Eric Staal is hit by Dalton Prout and loses puck.
1:36 of 2nd period - Double Minor Penalty to MacKenzie Weegar for Slashing.
1:37 of 2nd period - Patrick Kane wins face-off versus Milan Lucic in DALLAS Stars zone.
2:09 of 2nd period - Patrick Kane is hit by Connor Murphy and loses puck.
2:53 of 2nd period - Shot by Teuvo Teravainen.
2:53 of 2nd period - Shot Blocked by Ben Hutton.
2:55 of 2nd period - Shot by Kevin Hayes.
2:55 of 2nd period - Shot Misses the Net.
2:57 of 2nd period - Shot by Kevin Hayes.
2:57 of 2nd period - Stopped by Steve Mason without a rebound.
2:58 of 2nd period - Patrick Kane wins face-off versus Milan Lucic in DALLAS Stars zone.
3:01 of 2nd period - Shot by Patrick Kane.
3:01 of 2nd period - Shot Misses the Net.
4:37 of 2nd period - Shot by Patrick Kane.
4:37 of 2nd period - Shot Misses the Net.
4:56 of 2nd period - Off-side.
4:57 of 2nd period - Milan Lucic wins face-off versus Kevin Hayes in neutral zone.
5:05 of 2nd period - Icing by Brian Dumoulin.
5:06 of 2nd period - Kevin Hayes wins face-off versus Scott Hartnell in CHICAGO Blackhawks zone.
5:40 of 2nd period - Shot by Brent Seabrook.
5:40 of 2nd period - Stopped by Steve Mason without a rebound.
5:41 of 2nd period - Alexander Burmistrov wins face-off versus Tanner Fritz in DALLAS Stars zone.
5:48 of 2nd period - Shot by Josh Manson.
5:48 of 2nd period - Stopped by Steve Mason with a rebound.
5:54 of 2nd period - Shot by Chris Stewart.
5:54 of 2nd period - Shot Misses the Net.
5:56 of 2nd period - Shot by Chris Stewart.
5:56 of 2nd period - Shot Misses the Net.
5:58 of 2nd period - Shot by MacKenzie Weegar.
5:58 of 2nd period - Shot Blocked by Aaron Ekblad.
6:09 of 2nd period - Icing by Alexander Burmistrov.
6:10 of 2nd period - Alexander Burmistrov wins face-off versus Derek Ryan in CHICAGO Blackhawks zone.
6:10 of 2nd period - Alexander Burmistrov is hit by Milan Lucic.
6:18 of 2nd period - Nick Shore is hit by Milan Lucic and loses puck.
6:27 of 2nd period - Shot by Mikkel Boedker.
6:27 of 2nd period - Stopped by Corey Crawford without a rebound.
6:28 of 2nd period - Patrick Kane wins face-off versus Eric Fehr in CHICAGO Blackhawks zone.
6:33 of 2nd period - Shot by Patrick Kane.
6:33 of 2nd period - Stopped by Steve Mason without a rebound.
6:34 of 2nd period - William Nylander wins face-off versus Eric Fehr in DALLAS Stars zone.
6:34 of 2nd period - Brent Seabrook is hit by Dalton Prout and loses puck.
6:40 of 2nd period - Eric Staal is hit by Dalton Prout and loses puck.
7:03 of 2nd period - Shot by Chris Kunitz.
7:03 of 2nd period - Shot Misses the Net.
9:02 of 2nd period - Icing by Teuvo Teravainen.
9:03 of 2nd period - Milan Lucic wins face-off versus Patrick Kane in CHICAGO Blackhawks zone.
9:03 of 2nd period - Tyler Ennis is hit by Brian Dumoulin and loses puck.
9:06 of 2nd period - Shot by Connor Murphy.
9:06 of 2nd period - Shot Blocked by Brian Dumoulin.
9:08 of 2nd period - Shot by Ben Hutton.
9:08 of 2nd period - Shot Blocked by Brian Dumoulin.
9:10 of 2nd period - Shot by Tyler Ennis.
9:10 of 2nd period - Shot Blocked by Brian Dumoulin.
9:12 of 2nd period - Shot by Connor Murphy.
9:12 of 2nd period - Stopped by Corey Crawford without a rebound.
9:13 of 2nd period - William Nylander wins face-off versus Eric Fehr in CHICAGO Blackhawks zone.
9:56 of 2nd period - Minor Penalty to Milan Lucic for Hooking.
9:57 of 2nd period - Kevin Hayes wins face-off versus Lee Stempniak in DALLAS Stars zone.
10:06 of 2nd period - Shot by Aaron Ekblad.
10:06 of 2nd period - Shot Misses the Net.
10:16 of 2nd period - Shot by Brad Richardson.
10:16 of 2nd period - Deflect By Kyle Palmieri.
10:16 of 2nd period - Shot Misses the Net.
10:28 of 2nd period - Connor Murphy is hit by Kevin Hayes and loses puck.
10:47 of 2nd period - Off-side.
10:48 of 2nd period - Patrick Kane wins face-off versus Lee Stempniak in neutral zone.
10:53 of 2nd period - Shot by Eric Staal.
10:53 of 2nd period - Shot Blocked by Ben Hutton.
10:55 of 2nd period - Shot by Jonathan Toews.
10:55 of 2nd period - Deflect By Patrick Kane.
10:55 of 2nd period - Shot Misses the Net.
10:57 of 2nd period - Shot by Patrick Kane.
10:57 of 2nd period - Stopped by Steve Mason without a rebound.
10:58 of 2nd period - Lee Stempniak wins face-off versus Patrick Kane in DALLAS Stars zone.
11:19 of 2nd period - Shot by Eric Staal.
11:19 of 2nd period - Goal by Eric Staal - CHICAGO Blackhawks : 3 - DALLAS Stars : 2.
11:20 of 2nd period - Alexander Burmistrov wins face-off versus Milan Lucic in neutral zone.
12:01 of 2nd period - Shot by Aaron Ekblad.
12:01 of 2nd period - Stopped by Steve Mason without a rebound.
12:02 of 2nd period - Kevin Hayes wins face-off versus Eric Fehr in DALLAS Stars zone.
12:06 of 2nd period - Icing by MacKenzie Weegar.
12:07 of 2nd period - Patrick Kane wins face-off versus Jamie McGinn in DALLAS Stars zone.
12:21 of 2nd period - Shot by Chris Kunitz.
12:21 of 2nd period - Shot Blocked by Brent Seabrook.
12:23 of 2nd period - Shot by Connor Murphy.
12:23 of 2nd period - Deflect By Jamie McGinn.
12:23 of 2nd period - Stopped by Corey Crawford with a rebound.
12:34 of 2nd period - Shot by Chris Kunitz.
12:34 of 2nd period - Shot Blocked by Brent Seabrook.
13:20 of 2nd period - Shot by Kyle Palmieri.
13:20 of 2nd period - Stopped by Steve Mason with a rebound.
14:30 of 2nd period - Shot by Mikkel Boedker.
14:30 of 2nd period - Stopped by Corey Crawford without a rebound.
14:31 of 2nd period - Eric Fehr wins face-off versus Alexander Burmistrov in CHICAGO Blackhawks zone.
14:32 of 2nd period - Shot by Chris Kunitz.
14:32 of 2nd period - Shot Blocked by Brent Seabrook.
14:34 of 2nd period - Shot by Ben Hutton.
14:34 of 2nd period - Deflect By Eric Fehr.
14:34 of 2nd period - Stopped by Corey Crawford without a rebound.
14:35 of 2nd period - Patrick Kane wins face-off versus Eric Fehr in CHICAGO Blackhawks zone.
14:50 of 2nd period - Shot by Patrick Kane.
14:50 of 2nd period - Shot Misses the Net.
14:58 of 2nd period - Shot by Jonathan Toews.
14:58 of 2nd period - Shot Misses the Net.
15:29 of 2nd period - Eric Fehr is hit by William Nylander and loses puck.
15:40 of 2nd period - Shot by Eric Staal.
15:40 of 2nd period - Shot Misses the Net.
15:42 of 2nd period - Shot by Eric Staal.
15:42 of 2nd period - Shot Misses the Net.
15:44 of 2nd period - Shot by Eric Staal.
15:44 of 2nd period - Shot Misses the Net.
15:46 of 2nd period - Shot by Kyle Palmieri.
15:46 of 2nd period - Stopped by Steve Mason without a rebound.
15:47 of 2nd period - Derek Ryan wins face-off versus Kevin Hayes in DALLAS Stars zone.
16:11 of 2nd period - Will Butcher is hit by Dalton Prout.
17:09 of 2nd period - Connor Murphy is hit by William Nylander and loses puck.
17:24 of 2nd period - Connor Murphy is hit by Josh Manson and loses puck.
17:52 of 2nd period - Shot by MacKenzie Weegar.
17:52 of 2nd period - Shot Misses the Net.
18:15 of 2nd period - Icing by Brent Seabrook.
18:16 of 2nd period - Patrick Kane wins face-off versus Derek Ryan in CHICAGO Blackhawks zone.
18:18 of 2nd period - Icing by Jonathan Toews.
18:19 of 2nd period - Patrick Kane wins face-off versus Derek Ryan in CHICAGO Blackhawks zone.
18:19 of 2nd period - Patrick Kane is hit by Milan Lucic.
18:36 of 2nd period - Shot by Jonathan Toews.
18:36 of 2nd period - Stopped by Steve Mason with a rebound.
Goals for this period are 2 for CHICAGO Blackhawks vs 1 for DALLAS Stars.
Shots for this period are 12 for CHICAGO Blackhawks vs 10 for DALLAS Stars.

3rd period


0:01 of 3rd period - Patrick Kane wins face-off versus Derek Ryan in neutral zone.
1:13 of 3rd period - Jamie McGinn is hit by Brent Seabrook and loses puck.
1:47 of 3rd period - Minor Penalty to Kevin Shattenkirk for Tripping.
1:48 of 3rd period - Kyle Palmieri wins face-off versus Derek Ryan in CHICAGO Blackhawks zone.
3:33 of 3rd period - Shot by Chris Stewart.
3:33 of 3rd period - Shot Misses the Net.
4:01 of 3rd period - Shot by Chris Stewart.
4:01 of 3rd period - Stopped by Corey Crawford without a rebound.
4:02 of 3rd period - Milan Lucic wins face-off versus Alexander Burmistrov in CHICAGO Blackhawks zone.
4:12 of 3rd period - Icing by Kevin Shattenkirk.
4:13 of 3rd period - Mikkel Boedker wins face-off versus Alexander Burmistrov in CHICAGO Blackhawks zone.
4:16 of 3rd period - Shot by Milan Lucic.
4:16 of 3rd period - Stopped by Corey Crawford without a rebound.
4:17 of 3rd period - Eric Fehr wins face-off versus Teuvo Teravainen in CHICAGO Blackhawks zone.
4:45 of 3rd period - Icing by Patrick Kane.
4:46 of 3rd period - Patrick Kane wins face-off versus Derek Ryan in CHICAGO Blackhawks zone.
5:03 of 3rd period - Shot by Patrick Kane.
5:03 of 3rd period - Shot Misses the Net.
5:18 of 3rd period - Kyle Palmieri is hit by Milan Lucic and loses puck.
5:35 of 3rd period - Shot by Kyle Palmieri.
5:35 of 3rd period - Stopped by Steve Mason without a rebound.
5:36 of 3rd period - Eric Fehr wins face-off versus Kevin Hayes in DALLAS Stars zone.
6:06 of 3rd period - Shot by Eric Fehr.
6:06 of 3rd period - Stopped by Corey Crawford without a rebound.
6:07 of 3rd period - William Nylander wins face-off versus Tanner Fritz in CHICAGO Blackhawks zone.
6:26 of 3rd period - Shot by Eric Staal.
6:26 of 3rd period - Stopped by Steve Mason without a rebound.
6:27 of 3rd period - Mikkel Boedker wins face-off versus Jonathan Toews in DALLAS Stars zone.
6:51 of 3rd period - Mikkel Boedker is hit by Josh Manson and loses puck.
6:58 of 3rd period - Shot by Derek Ryan.
6:58 of 3rd period - Shot Misses the Net.
7:54 of 3rd period - Shot by Tanner Fritz.
7:54 of 3rd period - Stopped by Corey Crawford without a rebound.
7:55 of 3rd period - Tanner Fritz wins face-off versus William Nylander in CHICAGO Blackhawks zone.
8:18 of 3rd period - Shot by Tanner Fritz.
8:18 of 3rd period - Stopped by Corey Crawford without a rebound.
8:19 of 3rd period - Derek Ryan wins face-off versus Kevin Hayes in CHICAGO Blackhawks zone.
8:31 of 3rd period - Off-side.
8:32 of 3rd period - William Nylander wins face-off versus Eric Fehr in neutral zone.
8:53 of 3rd period - Shot by Chris Kunitz.
8:53 of 3rd period - Shot Misses the Net.
8:55 of 3rd period - Shot by Chris Kunitz.
8:55 of 3rd period - Shot Misses the Net.
10:45 of 3rd period - Shot by Jonathan Toews.
10:45 of 3rd period - Shot Hit the Post.
10:47 of 3rd period - Shot by Teuvo Teravainen.
10:47 of 3rd period - Shot Misses the Net.
10:49 of 3rd period - Shot by Jonathan Toews.
10:49 of 3rd period - Stopped by Steve Mason without a rebound.
10:50 of 3rd period - William Nylander wins face-off versus Tanner Fritz in DALLAS Stars zone.
12:18 of 3rd period - Shot by Chris Kunitz.
12:18 of 3rd period - Stopped by Corey Crawford with a rebound.
12:21 of 3rd period - Icing by Aaron Ekblad.
12:22 of 3rd period - Eric Fehr wins face-off versus Patrick Kane in CHICAGO Blackhawks zone.
13:01 of 3rd period - Shot by Kevin Hayes.
13:01 of 3rd period - Stopped by Steve Mason without a rebound.
13:02 of 3rd period - Tanner Fritz wins face-off versus Alexander Burmistrov in DALLAS Stars zone.
13:25 of 3rd period - Shot by Alexander Burmistrov.
13:25 of 3rd period - Stopped by Steve Mason without a rebound.
13:26 of 3rd period - Derek Ryan wins face-off versus William Nylander in DALLAS Stars zone.
13:31 of 3rd period - Shot by Milan Lucic.
13:31 of 3rd period - Shot Blocked by Eric Staal.
13:33 of 3rd period - Shot by Derek Ryan.
13:33 of 3rd period - Shot Misses the Net.
13:35 of 3rd period - Shot by Derek Ryan.
13:35 of 3rd period - Stopped by Corey Crawford with a rebound.
13:37 of 3rd period - Shot by Ben Hutton.
13:37 of 3rd period - Shot Blocked by Will Butcher.
13:39 of 3rd period - Shot by Derek Ryan.
13:39 of 3rd period - Shot Misses the Net.
13:41 of 3rd period - Shot by Ben Hutton.
13:41 of 3rd period - Stopped by Corey Crawford without a rebound.
13:42 of 3rd period - Tanner Fritz wins face-off versus Patrick Kane in CHICAGO Blackhawks zone.
13:47 of 3rd period - Shot by Chris Stewart.
13:47 of 3rd period - Stopped by Corey Crawford with a rebound.
14:00 of 3rd period - Minor Penalty to Aaron Ekblad for Slashing.
14:01 of 3rd period - Derek Ryan wins face-off versus Kyle Palmieri in CHICAGO Blackhawks zone.
14:32 of 3rd period - Shot by Derek Ryan.
14:32 of 3rd period - Shot Misses the Net.
14:34 of 3rd period - Shot by Milan Lucic.
14:34 of 3rd period - Goal by Milan Lucic - CHICAGO Blackhawks : 3 - DALLAS Stars : 3.
14:35 of 3rd period - Eric Fehr wins face-off versus Patrick Kane in neutral zone.
15:10 of 3rd period - Shot by Patrick Kane.
15:10 of 3rd period - Shot Misses the Net.
15:15 of 3rd period - Icing by Jamie McGinn.
15:16 of 3rd period - Eric Staal wins face-off versus Eric Fehr in DALLAS Stars zone.
15:19 of 3rd period - Shot by William Nylander.
15:19 of 3rd period - Stopped by Steve Mason without a rebound.
15:20 of 3rd period - Derek Ryan wins face-off versus William Nylander in DALLAS Stars zone.
15:33 of 3rd period - Shot by Eric Staal.
15:33 of 3rd period - Stopped by Steve Mason without a rebound.
15:34 of 3rd period - Kevin Hayes wins face-off versus Tanner Fritz in DALLAS Stars zone.
16:01 of 3rd period - Off-side.
16:02 of 3rd period - Patrick Kane wins face-off versus Derek Ryan in neutral zone.
16:32 of 3rd period - Shot by Derek Ryan.
16:32 of 3rd period - Stopped by Corey Crawford with a rebound.
16:53 of 3rd period - Icing by Derek Ryan.
16:54 of 3rd period - William Nylander wins face-off versus Derek Ryan in DALLAS Stars zone.
16:57 of 3rd period - Shot by Kyle Palmieri.
16:57 of 3rd period - Stopped by Steve Mason without a rebound.
16:58 of 3rd period - Eric Fehr wins face-off versus William Nylander in DALLAS Stars zone.
17:07 of 3rd period - Shot by Kyle Palmieri.
17:07 of 3rd period - Deflect By William Nylander.
17:07 of 3rd period - Shot Blocked by Dalton Prout.
17:31 of 3rd period - Shot by Eric Staal.
17:31 of 3rd period - Stopped by Steve Mason with a rebound.
17:33 of 3rd period - Shot by Eric Staal.
17:33 of 3rd period - Shot Misses the Net.
17:58 of 3rd period - Minor Penalty to Brian Dumoulin for Roughing.
17:59 of 3rd period - Milan Lucic wins face-off versus Kyle Palmieri in CHICAGO Blackhawks zone.
18:00 of 3rd period - Shot by Derek Ryan.
18:00 of 3rd period - Stopped by Corey Crawford without a rebound.
18:01 of 3rd period - Derek Ryan wins face-off versus Kyle Palmieri in CHICAGO Blackhawks zone.
18:12 of 3rd period - Shot by Mikkel Boedker.
18:12 of 3rd period - Stopped by Corey Crawford with a rebound.
18:14 of 3rd period - Shot by Ben Hutton.
18:14 of 3rd period - Shot Blocked by Josh Manson.
18:16 of 3rd period - Shot by Connor Murphy.
18:16 of 3rd period - Shot Blocked by Brent Seabrook.
18:18 of 3rd period - Shot by Connor Murphy.
18:18 of 3rd period - Shot Misses the Net.
18:20 of 3rd period - Shot by Connor Murphy.
18:20 of 3rd period - Deflect By Derek Ryan.
18:20 of 3rd period - Shot Misses the Net.
18:22 of 3rd period - Shot by Connor Murphy.
18:22 of 3rd period - Shot Misses the Net.
18:24 of 3rd period - Shot by Ben Hutton.
18:24 of 3rd period - Shot Blocked by Josh Manson.
18:26 of 3rd period - Shot by Ben Hutton.
18:26 of 3rd period - Shot Blocked by Josh Manson.
18:28 of 3rd period - Shot by Connor Murphy.
18:28 of 3rd period - Shot Blocked by Josh Manson.
18:30 of 3rd period - Shot by Ben Hutton.
18:30 of 3rd period - Goal by Ben Hutton - CHICAGO Blackhawks : 3 - DALLAS Stars : 4.
18:31 of 3rd period - Patrick Kane wins face-off versus Tanner Fritz in neutral zone.
18:31 of 3rd period - Jonathan Toews is hit by Scott Hartnell and loses puck.
18:45 of 3rd period - Teuvo Teravainen is hit by MacKenzie Weegar and loses puck.
19:07 of 3rd period - Off-side.
19:08 of 3rd period - Derek Ryan wins face-off versus Patrick Kane in neutral zone.
19:15 of 3rd period - CHICAGO Blackhawks, Corey Crawford is pulled from the net.
19:19 of 3rd period - Shot by Patrick Kane.
19:19 of 3rd period - Deflect By Jonathan Toews.
19:19 of 3rd period - Shot Blocked by Connor Murphy.
19:21 of 3rd period - Shot by Kyle Palmieri.
19:21 of 3rd period - Goal by Kyle Palmieri - CHICAGO Blackhawks : 4 - DALLAS Stars : 4.
19:21 of 3rd period - Corey Crawford from CHICAGO Blackhawks was sent back in the game.
19:22 of 3rd period - Eric Fehr wins face-off versus Kevin Hayes in neutral zone.
19:28 of 3rd period - Icing by Aaron Ekblad.
19:29 of 3rd period - Milan Lucic wins face-off versus Kevin Hayes in CHICAGO Blackhawks zone.
19:38 of 3rd period - Shot by Derek Ryan.
19:38 of 3rd period - Stopped by Corey Crawford without a rebound.
19:39 of 3rd period - William Nylander wins face-off versus Mikkel Boedker in CHICAGO Blackhawks zone.
19:39 of 3rd period - William Nylander is hit by Milan Lucic.
19:45 of 3rd period - Shot by Kyle Palmieri.
19:45 of 3rd period - Deflect By Eric Staal.
19:45 of 3rd period - Stopped by Steve Mason without a rebound.
19:46 of 3rd period - Derek Ryan wins face-off versus Patrick Kane in DALLAS Stars zone.
19:46 of 3rd period - Derek Ryan is hit by Patrick Kane.
Goals for this period are 1 for CHICAGO Blackhawks vs 2 for DALLAS Stars.
Shots for this period are 11 for CHICAGO Blackhawks vs 15 for DALLAS Stars.

Overtime #1


0:01 of 1st overtime period - Milan Lucic wins face-off versus Kevin Hayes in neutral zone.
0:42 of 1st overtime period - Shot by William Nylander.
0:42 of 1st overtime period - Shot Misses the Net.
1:25 of 1st overtime period - Shot by Eric Staal.
1:25 of 1st overtime period - Stopped by Steve Mason without a rebound.
1:26 of 1st overtime period - Kevin Hayes wins face-off versus Milan Lucic in DALLAS Stars zone.
1:35 of 1st overtime period - Shot by Kevin Hayes.
1:35 of 1st overtime period - Shot Misses the Net.
1:43 of 1st overtime period - Brian Dumoulin is hit by Milan Lucic and loses puck.
2:28 of 1st overtime period - Shot by Scott Hartnell.
2:28 of 1st overtime period - Shot Misses the Net.
3:16 of 1st overtime period - Brad Richardson is hit by MacKenzie Weegar and loses puck.
3:27 of 1st overtime period - Shot by Tom Wilson.
3:27 of 1st overtime period - Stopped by Steve Mason without a rebound.
3:28 of 1st overtime period - Kevin Hayes wins face-off versus Milan Lucic in DALLAS Stars zone.
3:37 of 1st overtime period - Shot by William Nylander.
3:37 of 1st overtime period - Shot Misses the Net.
3:48 of 1st overtime period - Icing by Aaron Ekblad.
3:49 of 1st overtime period - Milan Lucic wins face-off versus Kevin Hayes in CHICAGO Blackhawks zone.
3:56 of 1st overtime period - Shot by Eric Gelinas.
3:56 of 1st overtime period - Stopped by Corey Crawford without a rebound.
3:57 of 1st overtime period - Kevin Hayes wins face-off versus Milan Lucic in CHICAGO Blackhawks zone.
4:11 of 1st overtime period - Shot by Milan Lucic.
4:11 of 1st overtime period - Shot Misses the Net.
4:13 of 1st overtime period - Shot by Eric Gelinas.
4:13 of 1st overtime period - Stopped by Corey Crawford without a rebound.
4:14 of 1st overtime period - Eric Staal wins face-off versus Milan Lucic in CHICAGO Blackhawks zone.
4:25 of 1st overtime period - Icing by Milan Lucic.
4:26 of 1st overtime period - Milan Lucic wins face-off versus Kevin Hayes in DALLAS Stars zone.
4:26 of 1st overtime period - Chris Kunitz is hit by William Nylander.
4:42 of 1st overtime period - Shot by Chris Kunitz.
4:42 of 1st overtime period - Stopped by Corey Crawford with a rebound.
Goals for this period are 0 for CHICAGO Blackhawks vs 0 for DALLAS Stars.
Shots for this period are 2 for CHICAGO Blackhawks vs 3 for DALLAS Stars.

ShootOut


5:00 of 1st overtime period - Penalty Shot by Eric Staal for CHICAGO Blackhawks.
5:00 of 1st overtime period - Goal by Eric Staal.
5:00 of 1st overtime period - Penalty Shot by Milan Lucic for DALLAS Stars.
5:00 of 1st overtime period - Stopped by Corey Crawford.
5:00 of 1st overtime period - Penalty Shot by Tom Wilson for CHICAGO Blackhawks.
5:00 of 1st overtime period - Stopped by Steve Mason.
5:00 of 1st overtime period - Penalty Shot by Chris Kunitz for DALLAS Stars.
5:00 of 1st overtime period - Stopped by Corey Crawford.
5:00 of 1st overtime period - Penalty Shot by Kyle Palmieri for CHICAGO Blackhawks.
5:00 of 1st overtime period - Shot Misses the Net.
5:00 of 1st overtime period - Penalty Shot by Scott Hartnell for DALLAS Stars.
5:00 of 1st overtime period - Goal by Scott Hartnell.
5:00 of 1st overtime period - Penalty Shot by William Nylander for CHICAGO Blackhawks.
5:00 of 1st overtime period - Stopped by Steve Mason.
5:00 of 1st overtime period - Penalty Shot by Mikkel Boedker for DALLAS Stars.
5:00 of 1st overtime period - Stopped by Corey Crawford.
5:00 of 1st overtime period - Penalty Shot by Kevin Hayes for CHICAGO Blackhawks.
5:00 of 1st overtime period - Stopped by Steve Mason.
5:00 of 1st overtime period - Penalty Shot by Jamie McGinn for DALLAS Stars.
5:00 of 1st overtime period - Stopped by Corey Crawford.
5:00 of 1st overtime period - Penalty Shot by Patrick Kane for CHICAGO Blackhawks.
5:00 of 1st overtime period - Goal by Patrick Kane.
5:00 of 1st overtime period - Penalty Shot by Chris Stewart for DALLAS Stars.
5:00 of 1st overtime period - Goal by Chris Stewart.
5:00 of 1st overtime period - Penalty Shot by Aaron Ekblad for CHICAGO Blackhawks.
5:00 of 1st overtime period - Goal by Aaron Ekblad.
5:00 of 1st overtime period - Penalty Shot by Eric Fehr for DALLAS Stars.
5:00 of 1st overtime period - Stopped by Corey Crawford.